 Dungeon Crawl Stone Soup version 0.32-a0-961-gd60f5e5fc7 (webtiles) character file.

Game seed: 2034540970266539601

320561 araganzar the Metamorph (level 20, -28/210 HPs)
             Began as a Demonspawn Shapeshifter on Apr 17, 2024.
             Was the Champion of Makhleb.
             Constricted to death by Cigotuvi's Monster (34 damage)
             ... in a wizard's laboratory on Apr 18, 2024.
             The game lasted 03:30:27 (41894 turns).

araganzar the Metamorph (Demonspawn Shapeshifter)  Turns: 41894, Time: 03:30:28

Health: -28/210    AC: 32    Str: 17    XL:     20   Next: 62%
Magic:  26/31      EV: 11    Int: 10    God:    Makhleb [******]
Gold:   2543       SH:  7    Dex: 22    Spells: 3/32 levels left

rFire   + .          .
                       - Unarmed
rCold   + . .        b - +1 buckler {rC+}
rNeg    + . .        (body armour currently unavailable)
rPois   ∞            (helmet unavailable)
rElec   +            v - +0 cloak of the Engineer {rF+}
rCorr   .            (gloves currently unavailable)
SInv    .            (boots unavailable)
Will    +....        x - amulet "Yrean" {Acrobat Rampage}
Stlth   +++++++      g - +4 ring of slaying
HPRegen 0.55/turn    R - +4 ring of protection
MPRegen 0.22/turn

%: acrobat, rampage
@: statue-form, fugue, freezing walls, wreathed by umbra, constricted, very slow
A: slow and powerful, torment resistance 1, boosted hp, hooves 3, horns 3,
demonic magic 3, weakness stinger 2, foul shadow 3, agile 1, deformed body
}: 2/15 runes: barnacled, gossamer
a: Begin Untransformation, Renounce Religion, Minor Destruction, Lesser Servant
of Makhleb, Major Destruction, Greater Servant of Makhleb


You were in a wizard's laboratory.
You worshipped Makhleb.
Makhleb was exalted by your worship.
You were a living statue of rough stone.
You visited 9 branches of the dungeon, and saw 37 of its levels.
You also visited: Wizlab.

You collected 4134 gold pieces.
You spent 1591 gold pieces at shops.


Innate Abilities, Weirdness & Mutations

You are a living statue of rough stone.
Your actions are slow, but your melee attacks are powerful.
You are resistant to unholy torment.
Your maximum health is greatly increased.
Your equipment is partially melded.
You are immune to poison.
You have hooves in place of feet.
You have a pair of large horns on your head.
Spells you cast and wands you use may paralyse nearby enemies.
You have a tail ending in a sharp stinger.
You are darkly shadowed, frequently releasing foul flame when damaged in melee.
You are agile. (Dex +4, Str/Int -1)
Armour fits poorly on your strangely shaped body.


   Skills:
 + Level 15.3 Fighting
 - Level 6.0 Throwing
 - Level 3.0 Armour
 - Level 13.0 Dodging
 - Level 10.0 Stealth
 - Level 5.0 Shields
 + Level 16.0 Unarmed Combat
 - Level 6.5 Spellcasting
 - Level 3.0 Hexes
 - Level 8.0 Necromancy
 - Level 4.0 Translocations
 - Level 4.0 Ice Magic
 - Level 15.0 Invocations
 + Level 4.3 Evocations
 - Level 16.0 Shapeshifting


You had 3 spell levels left.
You knew the following spells:

 Your Spells              Type           Power      Damage    Failure   Level
a - Dispel Undead         Necr           19%        3d11      10%         4
b - Blink                 Tloc           22%        N/A       8%          2
c - Sting                 Conj/Alch      12%        1d3       26%         1
d - Jinxbite              Hex            18%        N/A       11%         2
e - Sigil of Binding      Hex            9%         N/A       22%         3
f - Fugue of the Fallen   Necr           19%        N/A       2%          3
g - Apportation           Tloc           22%        N/A       4%          1
h - Cigotuvi's Dreadful   Necr/Alch/Air  16%        N/A       13%         2
i - Frozen Ramparts       Ice            22%        1d4       14%         3
x - Vampiric Draining     Necr           19%        2d7       2%          3
z - Necrotise             Necr           76%        1d7       1%          1
A - Animate Dead          Necr           19%        N/A       10%         4

Your spell library contained the following spells:

 Spells                   Type           Power      Damage    Failure   Level
 Lesser Beckoning         Tloc           22%        N/A       8%          2
 Ensorcelled Hibernation  Hex/Ice        20%        N/A       9%          2
 Maxwell's Portable Pile  Tloc           11%        2d(6-16)  14%         3
 Ozocubu's Armour         Ice            11%        N/A       14%         3
 Teleport Other           Tloc           11%        N/A       14%         3
 Tukima's Dance           Hex            9%         N/A       22%         3
 Magic Dart               Conj           12%        1d3       26%         1
 Summon Small Mammal      Summ           12%        N/A       26%         1
 Hailstorm                Conj/Ice       7%         3d5       32%         3
 Summon Ice Beast         Ice/Summ       7%         N/A       32%         3
 Volatile Blastmotes      Fire/Tloc      14%        2d11      32%         3
 Call Imp                 Summ           6%         N/A       36%         2
 Passwall                 Erth           3%         N/A       58%         3
 Swiftness                Air            3%         N/A       58%         3
 Anguish                  Hex/Necr       7%         N/A       26%         4
 Curse of Agony           Necr           19%        N/A       26%         5
 Martyr's Knell           Necr/Summ      11%        N/A       43%         4
 Passage of Golubria      Tloc           11%        N/A       43%         4
 Cause Fear               Hex            4%         N/A       58%         4
 Vhi's Electric Charge    Tloc/Air       14%        N/A       73%         4
 Metabolic Englaciation   Hex/Ice        5%         N/A       86%         5
 Fulminant Prism          Conj/Alch      1%         3d5       94%         4
 Leda's Liquefaction      Alch/Erth      1%         N/A       94%         4
 Petrify                  Alch/Erth      3%         N/A       94%         4
 Yara's Violent Unravell  Hex/Alch       3%         3d4       98%         5
 Gell's Gavotte           Tloc           5%         2d(13-20) 100%        6
 Permafrost Eruption      Ice/Erth       3%         2x4d2     100%        6
 Sculpt Simulacrum        Ice/Alch       3%         N/A       100%        6
 Enfeeble                 Hex            4%         N/A       100%        7
 Haunt                    Necr/Summ      5%         N/A       100%        7
 Manifold Assault         Tloc           5%         N/A       100%        7
 Summon Hydra             Summ           1%         N/A       100%        7
 Infestation              Necr           9%         N/A       100%        8
 Sublimation of Blood     Necr           Unusable   N/A       N/A         2

Inventory:

Missiles
 a - 31 boomerangs (quivered)
 u - 6 throwing nets {=f, !d}
 H - 3 curare-tipped darts
 P - 9 atropa-tipped darts
Armour
 b - a +1 buckler of cold resistance (worn)
   (You took it off a tengu reaver on level 3 of the Vaults)
 k - the +4 Cigotuvi's embrace {Corpsefed rMiasma ^Drain rN+}
   (You found it in a wizard's laboratory)

   Corpsefed: It gathers nearby corpses to temporarily increase the armour it
   provides.
   rMiasma:   It protects you from foul pestilence.
   rN+:       It protects you from negative energy.
   ^Drain:    It drains your maximum health when unequipped.
 v - the +0 cloak of the Engineer (worn) {rF+}
   (You found it on level 2 of the Dungeon)

   rF+:       It protects you from fire.
Jewellery
 g - a +4 ring of slaying (left fist)
   (You found it on level 3 of the Spider Nest)
 n - a ring of protection from cold {rC+, !d}
   (You found it on level 1 of the Dungeon)
 x - the amulet "Yrean" (around neck) {Acrobat Rampage}
   (You took it off a merfolk on level 4 of the Shoals)

   [amulet of the acrobat]

   Acrobat:   It increases your evasion while moving and waiting.
   Rampage:   It bestows one free step when moving towards enemies.
 I - a ring of resist corrosion
   (You found it on level 3 of the Lair of Beasts)
 R - a +4 ring of protection (right fist)
   (You found it on level 3 of the Vaults)
 X - the ring of Teghyam {Will+ MP-9 Dex+5}
   (You bought it in a shop on level 6 of the Dungeon)

   [ring of willpower]

   Dex+5:     It affects your dexterity (+5).
   Will+:     It increases your willpower.
   MP-9:      It affects your magic capacity (-9).
 Y - the ring "Eshrouh" {rF+ Str+2}
   (You found it on level 11 of the Dungeon)

   [ring of protection from fire]

   Str+2:     It affects your strength (+2).
   rF+:       It protects you from fire.
Talismans
 f - a granite talisman (active)
   (You found it on level 1 of the Dungeon)
 i - the dragon-blood talisman of the Orb Guardian {rCorr Dex+4}
   (You found it on level 1 of the Vaults)

   [dragon-blood talisman]

   Dex+4:     It affects your dexterity (+4).
   rCorr:     It protects you from acid and corrosion.
 m - the maw talisman "Lesmuumomp" {Str+2}
   (You found it in a wizard's laboratory)

   [maw talisman]

   Str+2:     It affects your strength (+2).
Wands
 d - a wand of acid (17)
   (You found it on level 2 of the Spider Nest)
 l - a wand of paralysis (24)
   (You found it on level 5 of the Dungeon)
 y - a wand of warping (41)
   (You took it off Blork the orc on level 4 of the Dungeon)
 D - a wand of digging (13)
   (You found it on level 8 of the Dungeon)
 T - a wand of mindburst (12)
   (You found it on level 4 of the Lair of Beasts)
Scrolls
 c - 5 scrolls of poison {!r}
 h - 4 scrolls of butterflies
 j - 8 scrolls of teleportation
 r - 7 scrolls of fear
 s - a scroll of silence
 N - 4 scrolls of blinking {!r}
 U - 14 scrolls of identify
 W - 2 scrolls of fog
Potions
 o - 12 potions of mutation {!q}
 p - a potion of invisibility
 w - 4 potions of enlightenment
 z - 6 potions of heal wounds
 A - 9 potions of brilliance
 B - 7 potions of might
 C - a potion of cancellation
 E - 8 potions of curing
 G - 2 potions of haste
 K - 11 potions of ambrosia
 L - 3 potions of magic
 M - 8 potions of attraction {!q}
Miscellaneous
 e - a lightning rod (4/4)
   (You found it on level 5 of the Lair of Beasts)
 q - a Gell's gravitambourine (2/2)
   (You found it on level 4 of the Shoals)
 J - a sack of spiders
   (You found it on level 4 of the Shoals)

▒∩▒ ▒▒▒▒ ▒▒▒.▒▒▒▒???▒
▒▒▒'▒▒▒...▒ ▒.....▒..u..
.#...#..... ▒...........
.#...#..... ▒..........
u#...#e.... ▒......X...
▒#...#▒▒▒▒▒ ▒......H...
▒▒▒'▒▒▒▒..▒ ▒▒'▒▒▒.....
.#...#▒.... ▒XH▒ ??▒
.#...#u.u§. ▒.I▒ ▒▒▒▒
o#...#uuu.. ▒..▒▒▒▒..▒▒
p#...#▒.... ▒...▒▒....▒
▒▒▒'▒▒▒▒..▒ ▒▒...'....▒
x#...#.▒▒▒▒ ▒...▒....▒
x#...#..▒▒▒ ▒▒'▒▒▒▒▒.▒▒
u#...#.p...▒▒▒▒...▒▒▒▒▒▒
▒#..†#e....▒.........▒▒▒▒
▒▒▒†▒▒▒▒..▒▒...▒▒▒....†.▒


You could see Cigotuvi's Monster and a large abomination.


Message History

* * * LOW HITPOINT WARNING * * *
You block Cigotuvi's Monster's attack.
Cigotuvi's Monster tramples you but does no damage.
Cigotuvi's Monster constricts you!!
* * * LOW HITPOINT WARNING * * *
The wall freezes the large abomination.
The large abomination barely misses you.
You take 52 damage, and have 17/210 hp.
MASSIVE DAMAGE!!
Unknown command.
Unknown command.
You feel much better.
The wall freezes Cigotuvi's Monster but does no damage.
Cigotuvi's Monster misses you. Cigotuvi's Monster closely misses you.
Cigotuvi's Monster tramples you.
* * * LOW HITPOINT WARNING * * *
You are held in place!
Cigotuvi's Monster constricts you!!
* * * LOW HITPOINT WARNING * * *
The wall freezes the large abomination but does no damage.
You block the large abomination's attack.
The wall freezes Cigotuvi's Monster but does no damage.
Cigotuvi's Monster hits you!
* * * LOW HITPOINT WARNING * * *
Cigotuvi's Monster tramples you.
* * * LOW HITPOINT WARNING * * *
You are held in place!
Cigotuvi's Monster is seared by the foul flame within you!
Cigotuvi's Monster tramples you but does no damage.
Cigotuvi's Monster constricts you!!
You die...

Action                     |  1- 3 |  4- 6 |  7- 9 | 10-12 | 13-15 | 16-18 | 19-21 || total
---------------------------+-------+-------+-------+-------+-------+-------+-------++-------
  Melee: Unarmed           |    99 |    95 |   270 |   469 |  1066 |   929 |   570 ||  3498
         Tailslap          |     8 |    13 |    37 |    67 |   197 |   181 |   108 ||   611
         Kick              |    10 |    29 |   108 |   173 |   206 |   373 |   259 ||  1158
         Punch             |     1 |     3 |    10 |    32 |   106 |    82 |    45 ||   279
         Headbutt          |       |       |    23 |    96 |   285 |   243 |   153 ||   800
  Throw: Dart              |       |     5 |    13 |    47 |    12 |    10 |     9 ||    96
         Boomerang         |       |       |    14 |     1 |       |    25 |     1 ||    41
         Javelin           |       |       |       |       |       |     2 |       ||     2
   Cast: Necrotise         |       |       |       |       |       |    18 |       ||    18
         Fugue of the Fall |       |       |       |       |       |    22 |    11 ||    33
         Vampiric Draining |       |       |       |       |       |     3 |       ||     3
         Animate Dead      |       |       |       |       |       |    12 |    21 ||    33
         Cigotuvi's Dreadf |       |       |       |       |       |     1 |       ||     1
         Jinxbite          |       |       |       |       |       |     1 |     2 ||     3
         Dispel Undead     |       |       |       |       |       |       |     1 ||     1
         Frozen Ramparts   |       |       |       |       |       |       |     2 ||     2
 Invoke: Lesser Servant of |       |       |       |     2 |     5 |       |       ||     7
         Minor Destruction |       |       |       |     2 |       |       |       ||     2
         Major Destruction |       |       |       |     1 |       |       |       ||     1
         Greater Servant o |       |       |       |       |       |     1 |     1 ||     2
Ability: Begin Untransform |       |     1 |       |       |       |     2 |       ||     3
  Evoke: Wand              |       |       |     1 |     2 |       |       |       ||     3
    Use: Potion            |     1 |     1 |       |     4 |     4 |    10 |     3 ||    23
         Scroll            |       |     9 |     9 |     5 |     6 |     8 |     4 ||    41
   Stab: Paralysed         |       |       |     3 |     5 |       |    18 |    15 ||    41
         Sleeping          |       |       |       |       |     8 |    14 |    27 ||    49
         Distracted        |       |       |       |       |     4 |     4 |     7 ||    15
         Invisible         |       |       |       |       |       |       |     1 ||     1
 Armour: Animal skin       |    15 |       |       |       |       |       |       ||    15
         Chain mail        |    51 |    67 |   143 |   280 |    66 |       |       ||   607
         Skin              |       |    16 |       |       |       |   944 |   378 ||  1338
         Troll leather arm |       |       |       |       |   148 |       |       ||   148
         Ring mail         |       |       |       |       |   344 |       |       ||   344
  Dodge: Dodged            |    47 |    53 |   221 |   320 |  1045 |  1956 |   766 ||  4408
  Block: Buckler           |       |       |       |       |       |       |    52 ||    52
   Form: Beast             |       |     1 |       |       |     1 |       |       ||     2
         Blade             |       |       |       |       |     2 |       |       ||     2
         Flux              |       |       |       |       |     1 |       |       ||     1
         Statue            |       |       |       |       |       |     3 |     1 ||     4
         Dragon            |       |       |       |       |       |       |     1 ||     1

Levels and vault maps discovered:
D:1:      psy_arrival_radial02, layout_basic, minmay_misc_feat_rows,
          minmay_misc_feat_alley
D:2:      layout_basic
D:3:      layout_loops_cross, nicolae_kikubaaqudgha_miasma_corner, uniq_jessica
D:4:      wad_lake_hut, layout_cave_pods, uniq_blork_the_orc
D:5:      layout_loops_ring, nicolae_qazlal_general_emergency,
          lemuel_tele_altar, lemuel_mausoleum_altar_yredelemnul, uniq_eustachio,
          uniq_menkaure
D:6:      layout_basic, minmay_temple_entry_grid, serial_shops, shop
D:7:      layout_loops_ring, mainiacjoe_overflow_surrounded_room,
          serial_demonic, serial_demonic_e, serial_demonic_f, serial_demonic_a,
          serial_demonic_a
D:8:      layout_cave_pods, nicolae_specific_store, chequers_big_river,
          hangedman_ranch, uniq_erica
D:9:      layout_roguey [special_room_bee], overflow_temple_1_default,
          orc_0_dummy, serial_park_tiny_pond, nrook_campfire
D:10:     layout_irregular_city, nicolae_tso_carved_into_rock,
          mainiacjoe_overflow_catwalk,
          chequers_temple_overflow_statue_of_worship, david_lair_shrubbed
D:11:     layout_irregular_city, gammafunk_ghost_spectres,
          nicolae_straight_to_the_point, uniq_josephine, uniq_grum
D:12:     layout_basic
D:13:     layout_rooms, hellmonk_vaults_attempted_burglary, serial_shops, shop,
          chequers_serial_rivers_room_b
D:14:     layout_roguey, gammafunk_ghost_berserking_beasts
D:15:     hangedman_depths_entry_try_elsewhere_first, layout_long_grid,
          dreamdust_wishing_well, nicolae_shop_clearance
Temple:   minmay_temple_forest_path
Lair:1:   layout_cave_pods, infiniplex_staircase_pool, serial_bayou_shore_a,
          grunt_megastairs_1
Lair:2:   layout_chaotic_city
Lair:3:   layout_loops_ring, elwin_shoals_entry_rocks,
          nicolae_spider_entry_lesser_pyramids, uniq_nessos
Lair:4:   layout_small_grid, slime_entry_1, uniq_snorg
Lair:5:   hangedman_lair_tendril_chambers, layout_big_grid,
          hangedman_lair_in_review, gammafunk_ghost_cemetery
Shoals:1: layout_shoals, serial_shops, nicolae_shop_just_a_little_nook
Shoals:2: layout_shoals, nicolae_shoals_former_cling_halls
Shoals:3: layout_shoals, wheals_shoals_ruined_temple
Shoals:4: shoals_end_grunt_ice, layout_shoals, nicolae_shoals_sun_and_surf
Spider:1: layout_spider_delve
Spider:2: layout_spider_delve, uniq_agnes
Spider:3: layout_cave_pods
Spider:4: hellmonk_spider_rune_endless_swarm
Slime:1:  layout_caves
Orc:1:    layout_caves, bloody_makhleb
Orc:2:    st_orc_mages, layout_caves, uniq_donald, uniq_maurice
Vaults:1: nicolae_vaults_network_quinsquares
          [nicolae_vaults_network_quincunx_subvault,
          nicolae_vaults_network_quincunx_subvault,
          nicolae_vaults_network_quincunx_subvault,
          nicolae_vaults_network_quincunx_subvault],
          nicolae_vaults_windows_and_doors_thing, nicolae_vaults_diamond_1,
          nicolae_vaults_quartermaster, vaults_room_pool,
          nicolae_vaults_heart-shaped_vault, nicolae_vaults_weapon_check,
          v_pattern_2, nicolae_vaults_turnstiles, vaults_mumra_chevron_long,
          nicolae_vaults_hallways_thing, nicolae_vaults_swerve,
          nicolae_vaults_tetromino_L_2, vaults_dpeg_encased_lava,
          layout_vaults_omnibox, uniq_zenata
Vaults:2: hangedman_vaults_river_flow, grunt_vaults_focal,
          nicolae_vaults_c_with_doors, nicolae_vaults_disjoint_gnomons,
          lightli_orcish_oven, hangedman_vaults_slice,
          nicolae_vaults_more_shelving_1, layout_vaults_omnigrid
Vaults:3: v_misc_19, nicolae_vaults_what_the_h,
          hangedman_vaults_stretched_pinwheel, hangedman_vaults_variations,
          blue_anna_dwarven_crypt, serial_ice_h, nicolae_vaults_apartment_2,
          vaults_mumra_chevron, hangedman_vaults_nails,
          nicolae_vaults_tetromino_L_2, v_misc_22, st_hourglassy, v_misc_22,
          vaults_room_pool, nicolae_vaults_alarming, vaults_dpeg_hooks,
          nicolae_vaults_lightning_bolt, nicolae_vaults_tetromino_T_1,
          layout_vaults_omnicross, serial_shops, shop_fountains
Vaults:4: ontoclasm_vaults_fire_temple, nicolae_vaults_three_branches,
          v_misc_19, ontoclasm_vaults_spin, v_pattern_1,
          vaults_standard_mumra_lines, v_misc_32,
          nicolae_vaults_closet_pinwheel_4, nicolae_vaults_ring_of_whatevers,
          ontoclasm_vaults_fault, layout_vaults_maze, serial_shops,
          nicolae_square_shop, enter_trove_1
Depths:1: layout_gridlike, bh_walls_and_bars, hell_entry,
          infiniplex_enter_wizlab_water, muffindrake_ghost_dual_entry,
          grunt_ministairs_15, elyvilon_altar_5
WizLab:   wizlab_cigotuvi

Notes
Turn   | Place    | Note
-------+----------+-------------------------------------------
     0 | D:1      | araganzar the Demonspawn Shapeshifter began the quest for
                  | the Orb.
     0 | D:1      | Reached XP level 1. HP: 15/15 MP: 1/1
   172 | D:1      | Discovered your monstrous ancestry.
   172 | D:1      | Gained mutation: You have a small tail. [demonic ancestry]
   172 | D:1      | Reached XP level 2. HP: 21/21 MP: 2/2
   180 | D:1      | Reached skill level 3 in Shapeshifting
   755 | D:1      | Reached skill level 2 in Fighting
   923 | D:2      | Gained mutation: You have large cloven feet. [demonic
                  | ancestry]
   923 | D:2      | Reached XP level 3. HP: 21/27 MP: 3/3
  1390 | D:2      | Identified the +0 cloak of the Engineer {rF+}
  1671 | D:3      | Found an ancient bone altar of Kikubaaqudgha.
  1786 | D:3      | Noticed Jessica
  1793 | D:3      | Killed Jessica
  1794 | D:3      | Reached skill level 3 in Unarmed Combat
  1794 | D:3      | Gained mutation: You have a tail ending in a sharp stinger.
                  | [demonic ancestry]
  1794 | D:3      | Reached XP level 4. HP: 30/34 MP: 4/4
  2314 | D:4      | Noticed Blork the orc
  2329 | D:4      | Killed Blork the orc
  2330 | D:4      | Reached skill level 3 in Fighting
  2330 | D:4      | Reached XP level 5. HP: 36/41 MP: 5/5
  2744 | D:4      | Noticed a phantom
  2757 | D:4      | Killed a phantom
  2758 | D:4      | Reached skill level 4 in Shapeshifting
  2758 | D:4      | Reached XP level 6. HP: 43/48 MP: 6/6
  3616 | D:4      | Reached skill level 4 in Unarmed Combat
  4003 | D:5      | Entered Level 5 of the Dungeon
  4010 | D:5      | Noticed Menkaure
  4010 | D:5      | Noticed a water moccasin
  4015 | D:4      | Reached skill level 4 in Fighting
  4133 | D:4      | Killed a water moccasin
  4134 | D:4      | Reached skill level 1 in Throwing
  4299 | D:5      | Gained mutation: You are faintly shadowed, very rarely
                  | releasing foul flame when damaged in melee. [demonic
                  | ancestry]
  4299 | D:5      | Reached XP level 7. HP: 54/54 MP: 7/7
  4351 | D:5      | Found a sparkling altar of Nemelex Xobeh.
  4370 | D:5      | Reached skill level 5 in Unarmed Combat
  4422 | D:5      | Reached skill level 2 in Throwing
  4586 | D:5      | Reached skill level 5 in Shapeshifting
  4836 | D:5      | Gained mutation: You are shadowed, sometimes releasing foul
                  | flame when damaged in melee. [demonic ancestry]
  4836 | D:5      | Reached XP level 8. HP: 55/60 MP: 8/8
  4848 | D:5      | Reached skill level 6 in Shapeshifting
  4997 | D:5      | Killed Menkaure
  5101 | D:5      | Found a basalt altar of Yredelemnul.
  5108 | D:5      | Reached skill level 7 in Shapeshifting
  5154 | D:5      | Found a stormy altar of Qazlal.
  5295 | D:5      | Noticed Eustachio
  5307 | D:5      | Killed Eustachio
  5308 | D:5      | Reached skill level 6 in Unarmed Combat
  5620 | D:6      | Found Meunoschu's Jewellery Emporium.
  5825 | D:6      | Reached skill level 7 in Unarmed Combat
  6047 | D:6      | Found a staircase to the Ecumenical Temple.
  6064 | Temple   | Entered the Ecumenical Temple
  6065 | Temple   | Upgraded the game from 0.32-a0-960-g3814254bd7 to
                  | 0.32-a0-961-gd60f5e5fc7
  6099 | Temple   | Became a worshipper of Makhleb the Destroyer
  6511 | D:7      | Gained mutation: You have a pair of small horns on your
                  | head. [demonic ancestry]
  6511 | D:7      | Reached XP level 9. HP: 63/65 MP: 9/9
  6631 | D:7      | Reached skill level 8 in Unarmed Combat
  6649 | D:7      | Reached skill level 1 in Invocations
  6676 | D:7      | Reached skill level 2 in Invocations
  6868 | D:7      | Found a shadowy altar of Dithmenos.
  6931 | D:7      | Reached skill level 3 in Invocations
  7087 | D:7      | Reached skill level 5 in Fighting
  7305 | D:7      | Reached skill level 4 in Invocations
  7372 | D:8      | Noticed Erica
  7512 | D:8      | Found Reoq Mut's Specific Store.
  7526 | D:8      | Found Bitazat's General Store.
  7539 | D:8      | Reached * piety under Makhleb
  7596 | D:8      | Bought a scroll of noise for 13 gold pieces
  7819 | D:8      | Killed Erica
  7820 | D:8      | Reached skill level 6 in Fighting
  7820 | D:8      | Reached skill level 2 in Armour
  7820 | D:8      | Reached skill level 3 in Dodging
  8160 | D:9      | Reached skill level 4 in Dodging
  8234 | D:9      | Found a staircase to the Orcish Mines.
  8334 | D:10     | Entered Level 10 of the Dungeon
  8690 | D:9      | Gained mutation: You are darkly shadowed, frequently
                  | releasing foul flame when damaged in melee. [demonic
                  | ancestry]
  8690 | D:9      | Reached XP level 10. HP: 72/76 MP: 13/13
  8837 | D:9      | Reached skill level 9 in Unarmed Combat
  8893 | D:9      | Reached ** piety under Makhleb
  9156 | D:9      | Reached skill level 10 in Unarmed Combat
  9466 | D:10     | Found a staircase to the Lair.
  9505 | D:10     | Found a hide-covered altar of Uskayaw.
  9671 | D:10     | Found an ornate altar of the Wu Jian Council.
  9689 | D:10     | Reached skill level 11 in Unarmed Combat
  9775 | D:10     | Reached skill level 7 in Fighting
  9897 | D:10     | Found a bloodstained altar of Trog.
 10088 | D:10     | Reached XP level 11. HP: 84/86 MP: 14/14
 10482 | D:11     | Noticed Grum
 10492 | D:11     | Reached *** piety under Makhleb
 10493 | D:11     | Reached skill level 8 in Fighting
 10499 | D:11     | Killed Grum
 10691 | D:11     | Reached skill level 5 in Invocations
 10691 | D:11     | Noticed a boulder beetle
 10703 | D:11     | Killed a boulder beetle
 10704 | D:11     | Reached skill level 6 in Invocations
 11035 | D:6      | Bought an amulet of regeneration for 390 gold pieces
 11229 | D:11     | Noticed Josephine
 11243 | D:11     | Reached skill level 7 in Invocations
 11246 | D:11     | Killed Josephine
 11247 | D:11     | Reached skill level 3 in Armour
 11384 | D:11     | Noticed a boulder beetle
 11395 | D:11     | Killed a boulder beetle
 11396 | D:11     | Reached skill level 8 in Invocations
 11460 | D:11     | Noticed a two-headed ogre
 11467 | D:11     | Killed a two-headed ogre
 11539 | D:11     | Found a runed translucent gate.
 11539 | D:11     | Found a runed translucent gate.
 11539 | D:11     | Found a runed translucent gate.
 11544 | D:11     | Noticed Lemonizer's ghost (journeyman CoHu)
 11789 | Lair:1   | Entered Level 1 of the Lair of Beasts
 11831 | Lair:1   | Reached skill level 9 in Invocations
 11944 | Lair:1   | Reached skill level 10 in Invocations
 11977 | Lair:1   | Reached skill level 12 in Unarmed Combat
 12073 | Lair:1   | Reached **** piety under Makhleb
 12137 | Lair:1   | Reached XP level 12. HP: 94/94 MP: 19/19
 12380 | Lair:1   | Reached skill level 9 in Fighting
 12990 | Lair:2   | Reached skill level 1 in Stealth
 13143 | Lair:2   | Reached skill level 2 in Stealth
 13168 | Lair:2   | Reached skill level 10 in Fighting
 13804 | Lair:3   | Noticed an eight-headed hydra
 13812 | Lair:2   | Reached skill level 5 in Dodging
 13938 | Lair:3   | Found a hole to the Spider Nest.
 13956 | Lair:3   | Reached skill level 6 in Dodging
 14067 | Lair:3   | Noticed Nessos
 14093 | Lair:3   | Killed Nessos
 14094 | Lair:3   | Reached skill level 3 in Throwing
 14229 | Lair:3   | Noticed a seven-headed hydra
 14241 | Lair:3   | Killed a seven-headed hydra
 14242 | Lair:3   | Reached skill level 4 in Throwing
 14339 | Lair:3   | Killed an eight-headed hydra
 14340 | Lair:3   | Reached skill level 8 in Shapeshifting
 14399 | Lair:3   | Noticed a six-headed hydra
 14404 | Lair:3   | Killed a six-headed hydra
 14527 | Lair:3   | Found a staircase to the Shoals.
 14629 | Lair:3   | Reached skill level 9 in Shapeshifting
 14653 | Lair:3   | Reached ***** piety under Makhleb
 14654 | Lair:3   | Gained mutation: Spells you cast may paralyse adjacent
                  | enemies. [demonic ancestry]
 14654 | Lair:3   | Reached XP level 13. HP: 82/103 MP: 20/20
 15090 | Lair:4   | Noticed Snorg
 15257 | Lair:3   | Killed Snorg
 15349 | Lair:4   | Reached skill level 10 in Shapeshifting
 15549 | Lair:4   | Reached skill level 11 in Invocations
 15672 | Lair:4   | Reached skill level 12 in Invocations
 15747 | Lair:4   | Found a viscous altar of Jiyva.
 15747 | Lair:4   | Found a staircase to the Slime Pits.
 16122 | Lair:4   | Gained mutation: Your body sometimes deteriorates upon
                  | taking damage. [potion of mutation]
 16122 | Lair:4   | Gained mutation: You are frail. (-10% HP) [potion of
                  | mutation]
 16122 | Lair:4   | Gained mutation: Your spells are a little harder to cast,
                  | but a little more powerful. [potion of mutation]
 16123 | Lair:4   | Lost mutation: You are frail. (-10% HP) [potion of
                  | mutation]
 16123 | Lair:4   | Lost mutation: Your spells are a little harder to cast, but
                  | a little more powerful. [potion of mutation]
 16123 | Lair:4   | Lost mutation: Your body sometimes deteriorates upon taking
                  | damage. [potion of mutation]
 16123 | Lair:4   | Gained mutation: You are agile. (Dex +4, Str/Int -1)
                  | [potion of mutation]
 16123 | Lair:4   | Gained mutation: Armour fits poorly on your strangely
                  | shaped body. [potion of mutation]
 16481 | Lair:5   | Entered Level 5 of the Lair of Beasts
 16636 | Lair:5   | Identified the +3 ring mail of the Gardener {*Slow Fly
                  | rPois Int-5}
 16641 | Lair:5   | Paralysed by a hornet for 3 turns
 16657 | Lair:5   | Reached skill level 7 in Dodging
 16686 | Lair:5   | Reached skill level 5 in Throwing
 16688 | Lair:5   | Found a runed translucent gate.
 16688 | Lair:5   | Found a runed translucent gate.
 16688 | Lair:5   | Found a runed translucent gate.
 17289 | Lair:5   | Noticed NotBatman's ghost (journeyman DrHu)
 17289 | Lair:5   | Noticed Ikimono's ghost (journeyman DEGl)
 17291 | Lair:5   | Noticed Dylgear's ghost (journeyman DsFi)
 17291 | Lair:5   | Noticed olddryhag's ghost (journeyman CoWn)
 17346 | Lair:5   | Gained mutation: You have hoof-like feet. [demonic
                  | ancestry]
 17346 | Lair:5   | Reached XP level 14. HP: 106/110 MP: 23/23
 17480 | Lair:5   | Reached skill level 6 in Throwing
 17492 | Lair:5   | Reached skill level 8 in Dodging
 17492 | Lair:5   | Reached skill level 13 in Unarmed Combat
 17567 | Lair:5   | Reached ****** piety under Makhleb
 17960 | Lair:5   | Reached skill level 14 in Unarmed Combat
 17965 | Lair:5   | Identified the +2 sling of Leowk {drain, +Blink Str+3
                  | Dex+3}
 19531 | D:12     | HP: 5/110 [skeletal warrior/+0 halberd (13)]
 19843 | D:12     | Reached skill level 9 in Dodging
 20754 | D:13     | Found Xuaghyjecru's Assorted Antiques.
 20769 | D:13     | Bought a potion of heal wounds for 150 gold pieces
 20889 | D:13     | Reached skill level 15 in Unarmed Combat
 21020 | D:13     | Noticed a fire giant
 21034 | D:13     | Killed a fire giant
 21035 | D:13     | Reached skill level 10 in Dodging
 21035 | D:13     | Reached skill level 3 in Stealth
 21035 | D:13     | Gained mutation: You have hooves in place of feet. [demonic
                  | ancestry]
 21035 | D:13     | Reached XP level 15. HP: 61/115 MP: 24/24
 21346 | D:13     | Found a gate to the Vaults.
 21455 | D:14     | Reached skill level 4 in Stealth
 21464 | D:14     | Reached skill level 1 in Spellcasting
 21464 | D:14     | Reached skill level 1 in Evocations
 21520 | D:14     | Reached skill level 2 in Spellcasting
 21520 | D:14     | Reached skill level 2 in Evocations
 21568 | D:14     | Reached skill level 3 in Evocations
 21706 | D:14     | Found a transporter.
 21709 | D:14     | Noticed JoadsterXIII's ghost (journeyman OpSh)
 21711 | D:14     | Noticed a shadow dragon
 21724 | D:14     | Found a transporter.
 22162 | D:15     | Entered Level 15 of the Dungeon
 22176 | D:15     | Reached skill level 11 in Fighting
 22671 | D:15     | Reached skill level 12 in Fighting
 22979 | D:15     | Found Bizi's CLEARANCE SALE!.
 23127 | D:15     | Found a staircase to the Depths.
 23566 | D:15     | Reached skill level 11 in Shapeshifting
 23776 | Orc:1    | Entered Level 1 of the Orcish Mines
 23776 | Orc:1    | Found a burning altar of Makhleb.
 23924 | Orc:2    | Entered Level 2 of the Orcish Mines
 23924 | Orc:2    | Found a staircase to the Elven Halls.
 24135 | Orc:2    | Noticed Donald
 24180 | Orc:2    | Killed Donald
 24554 | Orc:2    | Noticed Maurice
 24585 | Orc:2    | Maurice stole 16 boomerangs
 24590 | Orc:1    | Killed Maurice
 24894 | Orc:2    | Found Kiask's General Store.
 24895 | Orc:2    | Found Jukedof's Magic Scroll Boutique.
 24898 | Orc:2    | Found Ovimieg's Magic Scroll Shop.
 24901 | Orc:2    | Found Abue's Antique Armour Shop.
 24906 | Orc:2    | Bought a scroll of blinking for 90 gold pieces
 25297 | Spider:1 | Entered Level 1 of the Spider Nest
 25385 | Spider:1 | Reached skill level 12 in Shapeshifting
 25454 | Spider:1 | Gained mutation: You have a pair of horns on your head.
                  | [demonic ancestry]
 25454 | Spider:1 | Reached XP level 16. HP: 127/127 MP: 25/25
 25634 | Lair:3   | Learned a level 3 spell: Fugue of the Fallen
 25694 | Slime:1  | Entered Level 1 of the Pits of Slime
 26431 | Spider:1 | Reached skill level 13 in Shapeshifting
 26948 | Spider:2 | HP: 11/129 [pharaoh ant (27)]
 27016 | Spider:2 | Noticed Agnes
 27023 | Spider:2 | Killed Agnes
 27024 | Spider:2 | Reached skill level 14 in Shapeshifting
 27347 | Spider:2 | Learned a level 1 spell: Apportation
 27349 | Spider:2 | Learned a level 1 spell: Necrotise
 27351 | Spider:2 | Learned a level 1 spell: Sting
 27785 | Spider:3 | Reached skill level 1 in Necromancy
 27955 | Spider:3 | Reached skill level 2 in Necromancy
 28410 | Shoals:1 | Entered Level 1 of the Shoals
 28416 | Shoals:1 | Identified the +2 quarterstaff "Fajibuxt" {flame, rElec
                  | MP+9}
 28447 | Shoals:1 | Found Empir's Armour Shoppe.
 28448 | Shoals:1 | Identified the +5 whip "Wema" {drain, MP+9 Str+3 Int+3
                  | Dex+3}
 28627 | Shoals:1 | Identified the +3 mace of Setahu {flame, Str+3}
 28762 | Shoals:1 | Reached skill level 3 in Necromancy
 28833 | Shoals:1 | You fall into a shaft and drop 1 floor!
 29055 | Shoals:2 | Reached skill level 4 in Necromancy
 29386 | Shoals:2 | Reached skill level 15 in Shapeshifting
 29529 | Shoals:2 | Learned a level 2 spell: Cigotuvi's Dreadful Rot
 29803 | Shoals:2 | Learned a level 3 spell: Vampiric Draining
 29938 | Shoals:3 | Noticed a kraken
 29943 | Shoals:3 | Killed a kraken
 30001 | Shoals:3 | Gained mutation: Spells you cast may paralyse nearby
                  | enemies. [demonic ancestry]
 30001 | Shoals:3 | Reached XP level 17. HP: 129/133 MP: 26/26
 30174 | Shoals:3 | Found a shimmering blue altar of Sif Muna.
 30179 | Shoals:3 | Noticed a kraken
 30181 | Shoals:3 | Reached skill level 3 in Spellcasting
 30249 | Shoals:3 | Killed a kraken
 30250 | Shoals:3 | Reached skill level 5 in Necromancy
 30511 | Shoals:3 | Noticed a kraken
 30568 | Shoals:3 | Killed a kraken
 30678 | Shoals:4 | Entered Level 4 of the Shoals
 30721 | Shoals:4 | Reached skill level 6 in Necromancy
 30847 | Shoals:4 | Identified the amulet "Yrean" {Acrobat Rampage}
 30956 | Shoals:4 | Reached skill level 16 in Shapeshifting
 31058 | Shoals:4 | Got a barnacled rune of Zot
 31572 | Shoals:4 | Reached skill level 4 in Spellcasting
 31594 | Shoals:4 | Identified the +1 trident of the Gnashing Wolf {freeze,
                  | Will+ Int+4}
 31885 | D:6      | Bought the ring of Teghyam {Will+ MP-9 Dex+5} for 325 gold
                  | pieces
 32023 | Orc:2    | Bought 2 potions of heal wounds for 140 gold pieces
 32023 | Orc:2    | Bought a potion of heal wounds for 70 gold pieces
 32023 | Orc:2    | Bought a scroll of blinking for 105 gold pieces
 32023 | Orc:2    | Bought a book of Displacement for 308 gold pieces
 32155 | D:11     | Killed Lemonizer's ghost
 32160 | D:11     | Identified the ring "Eshrouh" {rF+ Str+2}
 32345 | D:14     | Reached skill level 13 in Invocations
 32349 | D:14     | Killed JoadsterXIII's ghost
 32463 | D:14     | Identified the +0 cloak "Wialim" {Harm rN+ Str+3 Int-3}
 32679 | Lair:1   | Learned a level 4 spell: Animate Dead
 32684 | Lair:1   | Learned a level 4 spell: Dispel Undead
 32796 | Vaults:1 | Entered Level 1 of the Vaults
 32938 | Vaults:1 | Noticed Zenata
 33149 | Vaults:1 | HP: 3/175 [+6 long sword of electrocution[Zenata] (20)]
 33357 | Vaults:1 | Killed Zenata
 33597 | Vaults:1 | Reached skill level 13 in Fighting
 33622 | Vaults:1 | Reached skill level 5 in Spellcasting
 33622 | Vaults:1 | Reached skill level 7 in Necromancy
 33626 | Vaults:1 | Reached XP level 18. HP: 143/143 MP: 27/27
 33688 | Vaults:1 | Reached skill level 11 in Dodging
 33944 | Vaults:1 | Identified the dragon-blood talisman of the Orb Guardian
                  | {rCorr Dex+4}
 33967 | Vaults:1 | Identified the +1 chain mail "Fabiss" {Stlth+}
 34045 | Vaults:1 | Reached skill level 12 in Dodging
 34048 | Vaults:1 | Learned a level 2 spell: Jinxbite
 34078 | Vaults:1 | Reached skill level 1 in Hexes
 34201 | Vaults:1 | Reached skill level 2 in Hexes
 34573 | Vaults:1 | Learned a level 3 spell: Sigil of Binding
 34714 | Vaults:2 | Reached skill level 8 in Necromancy
 34771 | Vaults:2 | Reached skill level 3 in Hexes
 34781 | Vaults:2 | Reached skill level 6 in Spellcasting
 34827 | Vaults:2 | Identified the +1 falchion "Ulilaixa" {speed, Dex+5}
 34915 | Vaults:2 | Reached skill level 5 in Stealth
 34922 | Vaults:2 | HP: 16/185 [vault warden/+1 broad axe (10)]
 35301 | Vaults:2 | Identified the +9 trident of the Poles {freeze, rF+ Will-
                  | Int+3}
 35358 | Vaults:2 | Learned a level 2 spell: Blink
 35395 | Vaults:2 | Reached skill level 1 in Translocations
 35530 | Vaults:2 | Reached skill level 2 in Translocations
 35681 | Vaults:2 | Reached skill level 3 in Translocations
 35822 | Vaults:2 | Reached skill level 16 in Unarmed Combat
 35989 | Vaults:2 | Reached skill level 4 in Translocations
 36008 | Vaults:2 | Reached skill level 6 in Stealth
 36084 | Vaults:2 | Gained mutation: Spells you cast and wands you use may
                  | paralyse nearby enemies. [demonic ancestry]
 36084 | Vaults:2 | Reached XP level 19. HP: 149/149 MP: 23/28
 36271 | Vaults:3 | Reached skill level 7 in Stealth
 36342 | Vaults:3 | Reached skill level 8 in Stealth
 36635 | Vaults:3 | Found a staircase to the Crypt.
 36695 | Vaults:3 | Reached skill level 14 in Fighting
 36707 | Vaults:3 | Identified the staff of Mixzeny {Int+3 Earth}
 36782 | Vaults:3 | Identified the +1 spear of Fucwever {flame, rC+ rN+ Stlth+}
 37472 | Vaults:3 | Found Zunun's Book Shoppe.
 37617 | Vaults:4 | Reached skill level 15 in Fighting
 37836 | Vaults:4 | Learned a level 3 spell: Frozen Ramparts
 37935 | Vaults:4 | Reached skill level 1 in Ice Magic
 37940 | Vaults:4 | Reached skill level 14 in Invocations
 37950 | Vaults:4 | Reached skill level 2 in Ice Magic
 38079 | Vaults:4 | Found a portal to a secret trove of treasure.
 38092 | Vaults:4 | Found Ohauh's Antique Armour Shop.
 38245 | Vaults:4 | Reached skill level 3 in Ice Magic
 38637 | Vaults:4 | Reached skill level 4 in Ice Magic
 38639 | Vaults:4 | Reached skill level 15 in Invocations
 39163 | Lair:5   | Killed olddryhag's ghost
 39169 | Lair:5   | Killed Ikimono's ghost
 39171 | Lair:5   | Killed NotBatman's ghost
 39199 | Lair:5   | Identified the +1 hat of Incorporation {rF- rC++ Will++}
 39403 | Spider:4 | Entered Level 4 of the Spider Nest
 39455 | Spider:4 | Gained mutation: You have a pair of large horns on your
                  | head. [demonic ancestry]
 39455 | Spider:4 | Reached XP level 20. HP: 162/162 MP: 29/31
 39547 | Spider:4 | Reached skill level 13 in Dodging
 40111 | Spider:4 | Reached skill level 4 in Evocations
 40177 | Spider:4 | Got a gossamer rune of Zot
 40178 | Spider:4 | Identified the +2 hat of Noon {rF+ Int+2}
 40260 | Spider:4 | Identified the +0 hat "Hesk" {Str+3 Dex+4}
 41178 | Depths:1 | Entered Level 1 of the Depths
 41220 | Depths:1 | Reached skill level 1 in Shields
 41259 | Depths:1 | Reached skill level 2 in Shields
 41307 | Depths:1 | Found a magical portal.
 41325 | WizLab   | Entered Cigotuvi's Fleshworks
 41337 | WizLab   | Reached skill level 9 in Stealth
 41356 | WizLab   | Reached skill level 3 in Shields
 41526 | WizLab   | Reached skill level 4 in Shields
 41578 | WizLab   | Found the +4 Cigotuvi's embrace {Corpsefed rMiasma ^Drain
                  | rN+}
 41658 | WizLab   | Identified the maw talisman "Lesmuumomp" {Str+2}
 41667 | WizLab   | Got Cigotuvi's Incunable of Tinctures and Wicked Rituals
 41779 | WizLab   | Reached skill level 10 in Stealth
 41796 | WizLab   | Reached skill level 5 in Shields
 41893 | WizLab   | HP: 17/210 [constriction (35)]
 41894 | WizLab   | HP: 8/210 [Cigotuvi's Monster (7)]
 41894 | WizLab   | Constricted to death by Cigotuvi's Monster

Vanquished Creatures
  Zenata (Vaults:1)
  3 sphinxes
  3 krakens (Shoals:3)
  2 shadow dragons
  Donald (Orc:2)
  Agnes (Spider:2)
  A tengu reaver (Vaults:3)
  2 fire giants
  2 ghost moths
  8 vault wardens
  An emperor scorpion (Spider:4)
  An orc warlord (Vaults:2)
  7 broodmothers
  The ghost of Lemonizer the Fighter, a journeyman CoHu of Dithmenos (D:11)
  The ghost of NotBatman the Skirmisher, a journeyman DrHu of Hepliaklqana (Lair:5)
  3 very ugly things (WizLab)
  13 ironbound preservers
  3 ironbound thunderhulks
  3 formless jellyfish
  Nessos (Lair:3)
  2 stone giants
  The ghost of olddryhag the Cleaver, a journeyman CoWn of Uskayaw (Lair:5)
  2 war gargoyles
  7 dire elephants
  A deep elf annihilator (Vaults:4)
  2 spark wasps (Spider:4)
  A crystal guardian (Vaults:3)
  Snorg (Lair:3)
  5 merfolk javelineers
  Josephine (D:11)
  7 yaktaur captains
  An ettin (Depths:1)
  A fire dragon (Depths:1)
  10 merfolk impalers
  A deep elf high priest (Vaults:4)
  The ghost of JoadsterXIII the Covert, a journeyman OpSh of Elyvilon (D:14)
  The ghost of Ikimono the Carver, a journeyman DEGl of Gozag (Lair:5)
  2 entropy weavers
  An ice dragon (D:14)
  6 great orbs of eyes
  4 vault guards (Vaults:4)
  A rakshasa (D:14)
  A spriggan air mage (Depths:1)
  6 ironbound frosthearts
  9 hydras
  2 ogre magi
  3 merfolk avatars
  2 peacekeepers
  3 catoblepae
  Erica (D:8)
  7 radroaches
  3 merfolk aquamancers (Shoals:4)
  A two-headed ogre (shapeshifter) (WizLab)
  6 boulder beetles
  21 centaur warriors
  A jorogumo (Spider:4)
  10 two-headed ogres
  An anaconda (shapeshifter) (WizLab)
  2 satyrs
  3 death knights
  3 tengu warriors (D:14)
  2 alligator snapping turtles (Shoals:4)
  3 demonic crawlers
  7 death yaks
  An occultist (D:13)
  2 orc high priests (Orc:2)
  6 hell knights (Depths:1)
  A shock serpent (shapeshifter) (WizLab)
  2 sun demons (Shoals:4)
  An iron troll (Depths:1)
  A death drake (shapeshifter) (WizLab)
  2 skysharks
  12 pharaoh ants
  2 deep trolls (shapeshifter) (WizLab)
  2 sea snakes (shapeshifter)
  10 skeletal warriors
  5 large abominations (WizLab)
  5 sea snakes
  4 glowing orange brains
  33 deep trolls
  A kraken simulacrum (Shoals:4)
  A sun moth (Spider:2)
  7 orb spiders
  A mana viper (shapeshifter) (D:15)
  9 arcanists
  5 harpies
  6 steelbarb worms
  A deep elf pyromancer (D:14)
  2 steelbarb worms (shapeshifter) (WizLab)
  A phantasmal warrior (D:14)
  13 ironbound convokers
  17 lindwurms
  4 necromancers
  An obsidian bat (Orc:2)
  5 orc knights (Vaults:2)
  A stone giant zombie (Vaults:3)
  4 orc sorcerers (Orc:2)
  A wolf spider (shapeshifter) (Vaults:3)
  A frost giant zombie (Vaults:1)
  A salamander (D:15)
  4 fauns
  28 wolf spiders
  A faun (shapeshifter) (WizLab)
  A shining eye (shapeshifter) (WizLab)
  4 cyclopes
  15 manticores
  39 ugly things
  3 moths of wrath
  A cyclops (shapeshifter) (WizLab)
  Maurice (Orc:1)
  8 black mambas
  4 merfolk sirens
  A guardian serpent (Lair:5)
  6 meliai
  12 elephants
  A water nymph (shapeshifter) (WizLab)
  2 gargoyles (D:12)
  A guardian serpent (shapeshifter) (WizLab)
  10 water nymphs
  20 vault sentinels
  5 torpor snails
  18 cane toads
  11 komodo dragons
  An unseen horror (shapeshifter) (D:14)
  5 freezing wraiths
  19 yaktaurs
  2 tengu conjurers (D:14)
  2 rime drakes
  5 trolls
  30 merfolk
  A queen bee (D:9)
  A tengu simulacrum (Vaults:3)
  4 hornets
  3 polar bears
  A wind drake (Shoals:1)
  21 tarantellas
  18 jumping spiders
  14 blink frogs
  4 glass eyes (WizLab)
  A glass eye (shapeshifter) (WizLab)
  A dream sheep (shapeshifter) (WizLab)
  A snapping turtle (shapeshifter) (WizLab)
  9 snapping turtles
  8 dream sheep
  21 slime creatures
  3 shadows
  6 small abominations (WizLab)
  27 culicivoras
  4 water elementals
  15 wyverns
  A yak (shapeshifter) (WizLab)
  Grum (D:11)
  2 wargs (Orc:1)
  61 yaks
  4 basilisks
  Eustachio (D:5)
  4 wraiths (D:11)
  A yaktaur simulacrum (Vaults:3)
  Menkaure (D:5)
  An iron golem (WizLab)
  8 vampire mosquitoes
  A glowing shapeshifter zombie (Vaults:3)
  32 redbacks
  3 swamp worms (shapeshifter) (WizLab)
  32 water moccasins
  17 orc warriors
  6 laughing skulls
  3 ice beasts
  A black bear (D:5)
  10 ogres
  26 wolves
  17 centaurs
  2 phantoms
  Blork the orc (D:4)
  3 kobold brigands (D:8)
  A weeping skull (D:5)
  A wyvern zombie (D:5)
  3 gnoll sergeants
  12 bullfrogs
  4 scorpions
  6 wights
  28 killer bees
  A human simulacrum (Vaults:1)
  5 electric eels
  2 howler monkeys
  2 bullfrog zombies (D:5)
  3 human zombies
  A hound (D:6)
  6 jellies
  A quasit (D:7)
  3 gnoll boudas
  16 orc priests
  Jessica (D:3)
  2 iguanas
  A sleepcap (D:6)
  41 orc wizards
  2 scorpion zombies (D:5)
  A hound zombie (D:5)
  2 mummies (D:5)
  4 adders
  35 gnolls
  A howler monkey zombie (D:5)
  7 shadow imps
  4 white imps
  3 ufetubi (D:7)
  3 dart slugs
  3 ribbon worms
  55 orcs
  3 ball pythons (D:2)
  11 bats
  7 endoplasms
  3 giant cockroaches
  9 goblins
  7 hobgoblins
  2 jackals (D:1)
  4 kobolds
  3 quokkas
  A frilled lizard (D:3)
  4 rats
  8 tentacles
1369 creatures vanquished.

Vanquished Creatures (collateral kills)
  A yaktaur captain (Vaults:2)
  2 ironbound frosthearts
  A deep troll shaman (Depths:1)
  3 deep trolls
  An arcanist (Vaults:2)
  An orb spider (Spider:4)
  A lindwurm (Vaults:2)
  An ironbound convoker (Vaults:2)
  A wolf spider (Spider:4)
  A cyclops (shapeshifter) (WizLab)
  An ugly thing (Vaults:3)
  A vault sentinel (Vaults:3)
  A rime drake (Lair:5)
  A freezing wraith (D:14)
  A yaktaur (Vaults:1)
  A tarantella (Spider:2)
  A jumping spider (Spider:2)
  A blink frog (Lair:3)
  2 slime creatures
  2 culicivoras (Spider:4)
  A yak (Lair:4)
  A redback (Lair:3)
  A centaur (D:14)
  A bullfrog (Lair:3)
29 creatures vanquished.

Vanquished Creatures (others)
  A cyclops (shapeshifter) (WizLab)
  2 ogre zombies
  A deep troll (Vaults:2)
  2 ugly thing zombies (Vaults:1)
  A stone giant zombie (Vaults:3)
  2 dire elephant zombies (Vaults:4)
  A torpor snail (Spider:4)
  2 centaur zombies (Vaults:1)
  An iron troll zombie (Depths:1)
  A merfolk (Shoals:2)
  A radroach zombie (WizLab)
  A faun zombie (WizLab)
  4 deep troll zombies
  A lindwurm zombie (Vaults:2)
  An orc zombie (Vaults:2)
  13 human zombies
  5 yaktaur zombies
  An orc wizard (Orc:2)
  60 tentacles
101 creatures vanquished.

Grand Total: 1499 creatures vanquished
